 Dungeon Crawl Stone Soup version 0.18-a0-1157-g59db91b (webtiles) character file.

18923 Trivium the Blocker (level 12, -2/109 HPs)
             Began as a Hill Orc Fighter on Jan 23, 2016.
             Was the Champion of Okawaru.
             Slain by a spiny frog (14 damage)
             ... on level 2 of the Lair of Beasts.
             The game lasted 00:29:15 (13933 turns).

Trivium the Blocker (Hill Orc Fighter)             Turns: 13933, Time: 00:29:16

Health: -2/109     AC: 19    Str: 23    XL:     12   Next: 63%
Magic:  8/8        EV:  7    Int:  5    God:    Okawaru [******]
Gold:   942        SH: 15    Dex: 14    Spells: 0 memorised, 11 levels left

rFire  . . .     SeeInvis .     b - +6 morningstar "Emefos" {crush, rElec MR++ Int-5 Stlth+}
rCold  + . .     Gourm    .     y - +3 plate armour {rPois}
rNeg   + . .     Faith    .     c - +0 shield
rPois  +         Spirit   .     (no helmet)
rElec  +         Dismiss  .     (no cloak)
rCorr  .         Reflect  +     Q - +1 pair of gloves {archery}
SustAt .         Harm     .     (no boots)
MR     ++...                    g - +3 amulet of reflection
Stlth  ..........               d - +3 ring of dexterity
                                h - ring of Sagod {+Fly rC+ rN+ MP-9 Int+2}

@: very slightly contaminated, heavily drained, very resistant to hostile
enchantments, extremely unstealthy
A: rugged brown scales 1, regeneration 1
a: Heroism, Finesse, Renounce Religion, Evoke Flight


You were on level 2 of the Lair of Beasts.
You worshipped Okawaru.
Okawaru was exalted by your worship.
You were hungry.

You visited 4 branches of the dungeon, and saw 16 of its levels.
You also visited: Ice Cave.

You collected 1544 gold pieces.
You spent 602 gold pieces at shops.

Inventory:

Hand Weapons
 b - the +6 morningstar "Emefos" (weapon) {crush, rElec MR++ Int-5 Stlth+}
   (You bought it in a shop on level 6 of the Dungeon)

   It inflicts extra damage upon your enemies.
   It affects your intelligence (-5).
   It insulates you from electricity.
   It affects your resistance to hostile enchantments.
   It makes you more stealthy.
 H - the +10 falchion "Trog's Hatred" {slice, *Corrode rC+ Str+4 Int+4}
   (You found it on level 5 of the Dungeon)

   It inflicts extra damage upon your enemies.
   It affects your strength (+4).
   It affects your intelligence (+4).
   It protects you from cold.
   It may corrode your equipment when you take damage.
Armour
 c - a +0 shield (worn)
 u - the +4 chain mail "Rakudexoi" {-Cast rElec rC+}
   (You bought it in a shop on level 5 of the Dungeon)

   It protects you from cold.
   It insulates you from electricity.
   It prevents spellcasting.
 y - a +3 plate armour of poison resistance (worn)
 Q - a +1 pair of gloves of archery (worn)
Jewellery
 d - a +3 ring of dexterity (right hand)
 g - a +3 amulet of reflection (around neck)
 h - the ring of Sagod (left hand) {+Fly rC+ rN+ MP-9 Int+2}
   (You found it in an ice cave)

   [ring of flight]

   It affects your intelligence (+2).
   It protects you from cold.
   It protects you from negative energy.
   It affects your magic capacity (-9).
   It lets you fly.
 p - an uncursed ring of sustain attributes
 B - a +6 ring of intelligence
 M - an uncursed ring of see invisible
Wands
 x - a wand of fire (4/15)
 L - a wand of paralysis (16/24)
 N - a wand of fire (3/15)
 O - a wand of slowing (14/48)
Scrolls
 j - 3 scrolls of teleportation
 k - a scroll of blinking
 l - 3 scrolls of recharging
 m - 2 scrolls of remove curse
 n - 3 scrolls of summoning {unknown}
 o - 4 scrolls of enchant armour
 r - 2 scrolls of amnesia
 v - 3 scrolls of enchant weapon
 A - 2 scrolls of immolation
 F - a scroll of fear
 I - a scroll of identify
Potions
 i - a potion of magic
 s - a potion of cancellation
 w - 2 potions of brilliance
Books
 a - a Necronomicon

   Spells                             Type                      Level
   a - Haunt                          Necromancy/Summoning         7
   b - Borgnjor's Revivification      Necromancy                   8
   c - Death's Door                   Charms/Necromancy            8
   d - Necromutation                  Transmutation/Necromancy     8
 q - a book of Cantrips

   Spells                             Type                      Level
   a - Corona                         Hexes                        1
   b - Animate Skeleton               Necromancy                   1
   c - Summon Small Mammal            Summoning                    1
   d - Apportation                    Translocation                1
 J - a book of Callings

   Spells                             Type                      Level
   a - Summon Small Mammal            Summoning                    1
   b - Call Imp                       Summoning                    2
   c - Call Canine Familiar           Summoning                    3
   d - Summon Guardian Golem          Hexes/Summoning              3
   e - Summon Lightning Spire         Summoning/Air                4
   f - Summon Ice Beast               Ice/Summoning                4
 R - a book of Ice

   Spells                             Type                      Level
   a - Ice Form                       Ice/Transmutation            4
   b - Metabolic Englaciation         Hexes/Ice                    5
   c - Ozocubu's Refrigeration        Ice                          6
   d - Bolt of Cold                   Conjuration/Ice              6
   e - Freezing Cloud                 Conjuration/Ice/Air          6
   f - Simulacrum                     Ice/Necromancy               6
Comestibles
 f - 12 bread rations
 t - 8 meat rations
 K - 14 fruits


   Skills:
 + Level 10.1(8.1) Fighting
 - Level 2.9(1.2) Long Blades
   Level 7.6(8.7) Axes
 * Level 10.1(8.8) Maces & Flails
 + Level 9.8(7.9) Armour
 + Level 4.4(2.7) Dodging
 + Level 0.3(0.0) Stealth
 + Level 11.4(9.4) Shields
 * Level 7.7(5.8) Invocations
 + Level 0.2(0.0) Evocations


You had 11 spell levels left.
You didn't know any spells.

Dungeon Overview and Level Annotations

Branches:
Dungeon (12/15)            Temple (1/1) D:6            Lair (2/8) D:11
    Orc (1/2) D:11

Altars:
Ashenzari
Cheibriados
Dithmenos
Elyvilon
Fedhas
Gozag
Kikubaaqudgha
Makhleb
Nemelex Xobeh
Okawaru
Pakellas
Qazlal
Ru
Sif Muna
Trog
Vehumet
Xom
Yredelemnul
Zin
The Shining One

Shops:
D:5 [   D:6 (

Annotations:
Lair:1 DrAs's ghost, journeyman DrAs


Innate Abilities, Weirdness & Mutations

You are partially covered in rugged brown scales (AC +1, +3% HP).
Your natural rate of healing is unusually fast.


Message History

Drink which item? (? for menu, Esc to quit)
You feel better.
The black mamba hisses angrily.
Unknown command.
You block the spiny frog's attack. You block the black mamba's attack.
The spiny frog completely misses you. You block the black mamba's attack. x2
There is a stone staircase leading down here.
The black mamba bites you!
* * * LOW HITPOINT WARNING * * *
The spiny frog stings you.
* * * LOW HITPOINT WARNING * * *
You block the black mamba's attack.
You climb downwards.
Found 18 stones.
There is a stone staircase leading up here.
Unknown command.
Drink which item? (? for menu, Esc to quit)
You feel better. The black mamba barely misses you. The spiny frog stings you!
You die...

............
...... ....
...........
....#.....
#...P... . .##
#...P. ...
.....#...#....#
......F@......#
...(...S......#
..............#
.....P........#
.....#.......##
.....#...P....#
.... ........##
...# #.......#


You could see a black mamba and a spiny frog.

Vanquished Creatures
  2 ice dragons (IceCv)
  The ghost of Trivium the Carver, a novice DsFi of Okawaru (D:9)
  An unseen horror (D:12)
  A hill giant (D:10)
  A cyclops (D:11)
  A manticore (D:12)
  2 ice statues (IceCv)
  A centaur skeleton (D:12)
  A spiny frog (Lair:1)
  A komodo dragon (Lair:1)
  A fire drake (D:11)
  2 trolls
  A two-headed ogre (D:11)
  Grinder (D:4)
  Sigmund (D:6)
  A vampire (D:9)
  A wyvern (D:12)
  14 yaks
  A hungry ghost (D:11)
  A basilisk (Lair:1)
  A warg (D:11)
  A hippogriff (D:11)
  6 water moccasins
  4 orc warriors
  2 porcupines (Lair:1)
  20 ice beasts
  4 sky beasts
  2 wasps (D:12)
  2 black bears (D:9)
  A necrophage (D:7)
  An ogre (D:6)
  A phantom (D:9)
  8 centaurs
  A crocodile (Lair:1)
  2 big kobolds
  5 giant frogs
  2 gnoll sergeants (D:9)
  7 scorpions
  A wyvern skeleton (D:7)
  12 killer bees
  8 wights
  A crimson imp (D:6)
  A quasit (D:10)
  A wasp zombie (D:10)
  3 centaur zombies
  A giant frog zombie (D:9)
  An iron imp (D:7)
  5 jellies
  14 orc priests
  A gnoll shaman (D:9)
  9 hounds
  13 orc wizards
  3 giant frog skeletons
  7 iguanas
  10 worker ants
  2 hound zombies
  2 hound skeletons
  Robin (D:3)
  10 gnolls (D:9)
  15 adders
  5 river rats (Lair:1)
  2 shadow imps
  12 white imps (D:12)
  2 oozes (D:2)
  A worm (D:5)
  6 giant geckos
  56 orcs
  10 bats
  6 giant cockroaches
  18 goblins
  11 hobgoblins
  12 jackals
  19 kobolds
  6 quokkas
  2 ball pythons (D:1)
  A giant cockroach zombie (D:5)
  A giant gecko skeleton (D:7)
  9 giant newts
  2 jackal skeletons
  A quokka skeleton (D:9)
  14 rats
423 creatures vanquished.

Notes
Turn   | Place    | Note
--------------------------------------------------------------
     0 | D:1      | Trivium the Hill Orc Fighter began the quest for the Orb.
     0 | D:1      | Reached XP level 1. HP: 19/19 MP: 1/1
   242 | D:1      | Reached XP level 2. HP: 27/27 MP: 2/2
   321 | D:1      | Reached skill level 4 in Fighting
   583 | D:1      | Reached XP level 3. HP: 33/33 MP: 3/3
  1140 | D:2      | Reached XP level 4. HP: 25/40 MP: 4/4
  1388 | D:2      | Found a shattered altar of Ashenzari.
  1664 | D:2      | Reached skill level 1 in Dodging
  1879 | D:3      | Reached XP level 5. HP: 41/46 MP: 5/5
  1884 | D:3      | Noticed Robin
  1893 | D:3      | Killed Robin
  2082 | D:3      | Found a basalt altar of Yredelemnul.
  2535 | D:4      | Reached XP level 6. HP: 43/53 MP: 6/6
  2858 | D:4      | Reached skill level 5 in Axes
  3500 | D:4      | Reached XP level 7. HP: 53/60 MP: 7/7
  3602 | D:4      | Noticed Grinder
  3608 | D:4      | Paralysed by Grinder for 5 turns
  3621 | D:4      | Killed Grinder
  3621 | D:4      | Reached skill level 5 in Fighting
  3621 | D:4      | Reached skill level 6 in Axes
  3621 | D:4      | Reached skill level 5 in Shields
  4053 | D:5      | Entered Level 5 of the Dungeon
  4113 | D:5      | Reached skill level 5 in Armour
  4198 | D:5      | Reached skill level 7 in Axes
  4206 | D:5      | Gained mutation: You are partially covered in rugged brown scales (AC +1, +3% HP). [mutagenic meat]
  4207 | D:5      | Gained mutation: You are frail (-10% HP). [mutagenic meat]
  4208 | D:5      | Gained mutation: You are very frail (-20% HP). [mutagenic meat]
  4209 | D:5      | Gained mutation: Scrolls take you a little longer to read. [mutagenic meat]
  4210 | D:5      | Gained mutation: Your natural rate of healing is unusually fast. [mutagenic meat]
  4241 | D:5      | Reached XP level 8. HP: 42/56 MP: 8/8
  4475 | D:5      | Found Lere Leiw's Antique Armour Boutique.
  4480 | D:5      | Bought a faintly humming chain mail for 180 gold pieces
  4490 | D:5      | Identified the +4 chain mail "Rakudexoi" {-Cast rElec rC+} (You bought it in a shop on level 5 of the Dungeon)
  4545 | D:5      | Got a dazzling falchion
  4546 | D:5      | Identified the +10 falchion "Trog's Hatred" {slice, *Corrode rC+ Str+4 Int+4} (You found it on level 5 of the Dungeon)
  4574 | D:5      | Found a white marble altar of Elyvilon.
  4574 | D:5      | Found a bloodstained altar of Trog.
  4575 | D:5      | Found a shimmering altar of Xom.
  4695 | D:6      | Noticed Sigmund
  4709 | D:6      | Killed Sigmund
  4709 | D:6      | Reached skill level 1 in Long Blades
  5224 | D:6      | Got a translucent flail
  5225 | D:6      | Identified the +3 flail of Dissatisfaction {crush, +Blink Dex+4 SInv Stlth+} (You found it on level 6 of the Dungeon)
  5263 | D:6      | Found an ancient bone altar of Kikubaaqudgha.
  5380 | D:6      | Found a staircase to the Ecumenical Temple.
  5470 | D:6      | Found Fogismef's Antique Weapon Boutique.
  5596 | D:6      | Reached XP level 9. HP: 58/62 MP: 9/9
  5600 | D:6      | Reached skill level 1 in Maces & Flails
  5727 | D:7      | Found a snail-covered altar of Cheibriados.
  6142 | Temple   | Entered the Ecumenical Temple
  6212 | Temple   | Became a worshipper of Warmaster Okawaru
  6845 | D:8      | Lost mutation: Scrolls take you a little longer to read. [potion of cure mutation]
  6845 | D:8      | Lost mutation: You are very frail (-20% HP). [potion of cure mutation]
  6845 | D:8      | Lost mutation: You are frail (-10% HP). [potion of cure mutation]
  6936 | D:8      | Reached skill level 8 in Shields
  7504 | D:9      | Noticed Trivium's ghost (novice DsFi)
  7697 | D:9      | Reached skill level 1 in Invocations
  7725 | D:9      | Reached * piety under Okawaru
  7990 | D:9      | Killed Trivium's ghost
  7990 | D:9      | Reached XP level 10. HP: 59/88 MP: 10/12
  8168 | D:9      | Found a blossoming altar of Fedhas.
  8278 | D:9      | Reached ** piety under Okawaru
  8504 | D:9      | Reached skill level 9 in Shields
  8715 | D:10     | Entered Level 10 of the Dungeon
  8969 | D:10     | Found a runed door.
  9338 | D:10     | Noticed a hill giant
  9349 | D:10     | Killed a hill giant
  9349 | D:10     | Reached *** piety under Okawaru
  9349 | D:10     | Reached skill level 5 in Maces & Flails
  9495 | D:5      | Bought a pair of runed gloves for 85 gold pieces
  9495 | D:5      | Bought a shiny buckler for 85 gold pieces
  9559 | D:6      | Bought a dazzling morningstar for 252 gold pieces
  9559 | D:6      | Identified the +6 morningstar "Emefos" {crush, rElec MR++ Int-5 Stlth+} (You bought it in a shop on level 6 of the Dungeon)
  9719 | D:9      | Reached skill level 5 in Invocations
  9869 | D:11     | Noticed a cyclops
  9873 | D:11     | Killed a cyclops
  9873 | D:11     | Reached XP level 11. HP: 82/97 MP: 14/14
  9877 | D:11     | Got a jewelled glaive
  9878 | D:11     | Identified the cursed +0 glaive of Truncation {speed, rPois Str+4 Dex+3} (You found it on level 11 of the Dungeon)
  9935 | D:11     | Reached skill level 10 in Shields
  9948 | D:11     | Reached **** piety under Okawaru
 10031 | D:11     | Found a staircase to the Orcish Mines.
 10186 | D:11     | Found a staircase to the Lair.
 10407 | Orc:1    | Entered Level 1 of the Orcish Mines
 10424 | Orc:1    | Reached ***** piety under Okawaru
 10561 | Orc:1    | Noticed an ettin
 10801 | Lair:1   | Entered Level 1 of the Lair of Beasts
 10810 | Lair:1   | Noticed DrAs's ghost (journeyman DrAs)
 11096 | D:12     | Found a frozen archway.
 11109 | IceCv    | Entered an ice cave
 11794 | IceCv    | Reached XP level 12. HP: 10/108 MP: 17/17
 12218 | IceCv    | Noticed an ice dragon
 12221 | IceCv    | Noticed an ice dragon
 12231 | IceCv    | Killed an ice dragon
 12231 | IceCv    | Received a gift from Okawaru
 12231 | IceCv    | Reached skill level 11 in Shields
 12247 | IceCv    | HP: 3/109 [ice dragon/blast of cold (32)]
 12250 | IceCv    | Killed an ice dragon
 12252 | IceCv    | Got a bloodstained mace {god gift}
 12253 | IceCv    | Identified the +1 mace of Gang {freeze, *Corrode +Blink rElec rPois} (Okawaru gifted it to you in an ice cave)
 12366 | IceCv    | Got a shimmering glass ring
 12381 | IceCv    | Identified the ring of Sagod {+Fly rC+ rN+ MP-9 Int+2} (You found it in an ice cave)
 13461 | Lair:1   | Reached skill level 10 in Fighting
 13548 | Lair:1   | Reached ****** piety under Okawaru
 13757 | Lair:1   | Reached skill level 10 in Maces & Flails
 13933 | Lair:2   | Slain by a spiny frog

Vault maps used:
D:1:      onia_arrival_pyramid
D:2:      lemuel_crystal_altar
D:3:      lemuel_crystal_altar, uniq_robin
D:4:      minmay_misc_feat_room, uniq_grinder
D:5:      gammafunk_temple_overflow_forgotten, serial_shops,
          kennysheep_little_box, first_bread
D:6:      kennysheep_mini_moat, minmay_temple_entry_from_below_b, serial_shops,
          nicolae_shop_overgrown_old_shop, hangedman_minor_gate_pass,
          uniq_sigmund
D:7:      slow_altar_1
D:9:      hangedman_tree_tricks
D:10:     minmay_st_funbox, minivault_19
D:11:     minmay_lair_entry_lava, erik_orc_4
D:12:     portal_ice_cave_entry_imps
Temple:   nicolae_temple_god_jail
Lair:1:   infiniplex_staircase_pool
Orc:1:    hangedman_minor_magic
IceCv:    ice_cave_small_dragons

Action                   |  1- 3 |  4- 6 |  7- 9 | 10-12 || total
-------------------------+-------+-------+-------+-------++-------
Melee: War axe           |   130 |   296 |   119 |       ||   545
       Falchion          |       |       |   264 |   170 ||   434
       Morningstar       |       |       |       |   564 ||   564
Invok: Heroism           |       |       |       |     1 ||     1
Evoke: Wand              |       |       |       |     2 ||     2
  Use: Potion            |       |     4 |     4 |     6 ||    14
       Scroll            |       |     2 |     8 |    14 ||    24
  Eat: Chunk             |       |     6 |    11 |    14 ||    31
       Pizza             |       |     1 |     3 |     2 ||     6
       Beef jerky        |       |     1 |     1 |     3 ||     5
       Royal jelly       |       |       |     1 |       ||     1
       Fruit             |       |       |       |     1 ||     1
